 Seeded DCSS version 0.27.1-37-g7b29ead8ac (console) character file.

Game seed: 17921911528608291215 (custom seed)

1296 grimtooth the Sneak (level 8, -1/61 HPs)
             Began as a Kobold Enchanter on Mar 27, 2023.
             Was an Initiate of Sif Muna.
             Slain by a wyvern zombie (4 damage)
             ... on level 7 of the Dungeon.
             The game lasted 00:45:15 (10307 turns).

grimtooth the Sneak (Kobold Enchanter)             Turns: 10307, Time: 00:45:16

Health: -1/61      AC: 24    Str:  5    XL:     8   Next: 86%
Magic:  5/11       EV:  3    Int: 19    God:    Sif Muna [......]
Gold:   219        SH:  0    Dex: 21    Spells: 4/11 levels left

rFire    . . .     SeeInvis .   a - +1 dagger
rCold    + + .     Faith    .   (shield restricted)
rNeg     + + +     Spirit   .   (armour currently unavailable)
rPois    +         Reflect  .   (helmet currently unavailable)
rElec    +         Harm     .   (cloak currently unavailable)
rCorr    +         Rampage  .   (gloves currently unavailable)
Will     .....     NoTele   +   (boots currently unavailable)
Stlth    +++++.....             (no amulet)
HPRegen  0.20/turn              n - +6 ring of dexterity
MPRegen  0.12/turn              m - ring of ice

@: tree-form, resistant
A: stationary, stasis, torment immunity, boosted hp, small, no large weapons,
nightstalker 3
a: Renounce Religion


You were on level 7 of the Dungeon.
You worshipped Sif Muna.
Sif Muna was noncommittal.
You were a tree.
You visited 2 branches of the dungeon, and saw 8 of its levels.

You collected 219 gold pieces.

Inventory:

Hand Weapons
 a - a +1 dagger (weapon)
Missiles
 d - 146 stones
 l - 4 curare-tipped darts
 o - 3 boomerangs
 q - 18 poisoned darts
 B - 21 sling bullets
Armour
 b - a +0 robe (melded)
 h - a +1 pair of boots (melded)
 p - a +0 helmet (melded)
 u - a +0 cloak (melded)
Jewellery
 m - a ring of ice (right branch)
 n - a +6 ring of dexterity (left branch)
 w - a ring of positive energy
 z - an amulet of faith
 C - a ring of wizardry
Wands
 j - a wand of iceblast (4)
 k - a wand of polymorph (9)
 v - a wand of flame (5)
Scrolls
 f - a scroll of immolation {unknown}
 i - a scroll of brand weapon {unknown}
 r - a scroll of summoning {unknown}
 t - 2 scrolls of identify {@r4}
 A - a scroll of magic mapping
Potions
 s - a potion of brilliance
 x - a potion of curing


   Skills:
 - Level 6.0 Short Blades
 - Level 2.4 Dodging
 + Level 6.6 Stealth
 - Level 2.1 Spellcasting
 - Level 6.0 Hexes
 - Level 3.0 Ice Magic
 * Level 5.2 Earth Magic


You had 4 spell levels left.
You knew the following spells:

 Your Spells              Type           Power      Damage    Failure   Level
a - Corona                Hex            26%        N/A       1%          1
b - Sandblast             Erth           44%        2d11      1%          1
e - Ensorcelled Hibernat  Hex/Ice        56%        N/A       4%          2
x - Confusing Touch       Hex            24%        N/A       4%          3

Your spell library contained the following spells:

 Spells                   Type           Power      Damage    Failure   Level
 Tukima's Dance           Hex            24%        N/A       4%          3
 Passwall                 Tmut/Erth      10%        N/A       9%          2
 Dazzling Flash           Conj/Hex       26%        N/A       14%         3
 Swiftness                Air            2%         N/A       45%         3
 Lee's Rapid Deconstruct  Erth           11%        3d9*      45%         5
 Invisibility             Hex            12%        N/A       91%         6


Dungeon Overview and Level Annotations

Branches:
Dungeon (7/15)             Temple (1/1) D:4

Altars:
Ashenzari
Cheibriados
Dithmenos
Elyvilon
Gozag
Kikubaaqudgha
Makhleb
Nemelex Xobeh
Qazlal
Ru
Sif Muna
Trog
Vehumet
Wu Jian
Xom
Yredelemnul
Zin
The Shining One

Shops:
D:5 [

Annotations:
D:3 3 runed translucent doors
D:6 exclusion: ice beast, Eustachio, Grinder
D:7 2 transporters, exclusions: hound and wraith, Dowan


Innate Abilities, Weirdness & Mutations

You are a tree.
Your roots penetrate the ground, keeping you stationary.
You cannot be teleported.
You are immune to unholy pain and torment.
Your maximum health is greatly increased.
Your equipment is partially melded.
You are small and have problems with some larger weapons.
You are completely attuned to the shadows.


Message History

The wyvern zombie bites you but does no damage.
The killer bee stings you but does no damage.
The bullfrog hits you but does no damage.
Press: ? - help, v - describe, . - travel, g - get item
Here: a killer bee (heavily wounded) Item here: 19 stones.
The floor.
It was a potion of resistance.
You feel protected.
The killer bee stings you but does no damage. x2
Dowan hits you but does no damage.
The bullfrog hits you but does no damage.
The wyvern zombie bites you.
* * * LOW HITPOINT WARNING * * *
The killer bee stings you!
* * * LOW HITPOINT WARNING * * *
The killer bee stings you but does no damage.
You closely miss the killer bee.
The killer bee is heavily wounded.
The killer bee stings you but does no damage.
The bullfrog hits you but does no damage.
The killer bee stings you but does no damage.
The wyvern zombie bites you but does no damage.
Dowan completely misses you.
You hit Dowan but do no damage.
Dowan is almost dead.
The killer bee barely misses you.
The killer bee stings you but does no damage.
The bullfrog barely misses you. The wyvern zombie bites you.
* * * LOW HITPOINT WARNING * * *
The killer bee stings you but does no damage.
Dowan points at you and mumbles some strange words.
You resist with some effort.
You hit Dowan.
Dowan is almost dead.
The killer bee stings you but does no damage.
The bullfrog hits you but does no damage.
The killer bee stings you but does no damage. x2
The wyvern zombie bites you.
You die...

#...†....#
.....#
#...._...#
#.##.#
##...8...#.
#.#
#..._......
#.#
#..........
#.#
######......
#.# ##......
#y#
#(?.#..##.#
#y......O.#
#Fey...y.##
#♣yO.....#
#Zy......#
#Z..##.###
....##.
....##> ##


You could see an ogre, Dowan, a bullfrog, 4 killer bees, a wyvern zombie and a
water moccasin skeleton.

Vanquished Creatures
  A sky beast (D:6)
  2 ogres
  A necrophage (D:6)
  2 phantoms
  A water moccasin zombie (D:6)
  A water moccasin skeleton (D:4)
  A howler monkey (D:2)
  Crazy Yiuf (D:3)
  A centaur skeleton (D:6)
  3 bullfrog skeletons
  6 iguanas
  Natasha (thrice) (D:3)
  An orc wizard (D:5)
  A hound skeleton (D:5)
  Robin (D:3)
  8 gnolls
  A howler monkey zombie (D:6)
  5 adders
  2 howler monkey skeletons
  An ufetubus (D:6)
  An adder skeleton (D:5)
  A worm (D:3)
  2 dart slugs
  6 orcs
  5 bats
  2 endoplasms (D:3)
  2 giant cockroaches
  13 goblins
  10 hobgoblins
  3 jackals (D:1)
  2 quokkas
  3 ball pythons
  6 frilled lizards
  7 kobolds
  5 rats
111 creatures vanquished.

Notes
Turn   | Place    | Note
-------+----------+-------------------------------------------
     0 | D:1      | grimtooth the Kobold Enchanter began the quest for the Orb.
     0 | D:1      | Reached XP level 1. HP: 10/10 MP: 3/3
   668 | D:1      | Reached XP level 2. HP: 15/15 MP: 3/5
  1544 | D:1      | Learned a level 2 spell: Ensorcelled Hibernation
  1546 | D:1      | Learned a level 1 spell: Sandblast
  1635 | D:2      | Reached XP level 3. HP: 11/19 MP: 4/6
  2065 | D:2      | Reached skill level 5 in Stealth
  2065 | D:2      | Reached XP level 4. HP: 24/24 MP: 7/7
  2419 | D:2      | Found a faded altar of an unknown god.
  2634 | D:3      | Found a runed translucent gate.
  2635 | D:3      | Found a runed translucent gate.
  2728 | D:3      | Found a runed translucent gate.
  2929 | D:3      | Found a runed translucent door.
  2932 | D:3      | Noticed Crazy Yiuf
  3391 | D:3      | Noticed Robin
  3700 | D:3      | Noticed Natasha
  3794 | D:2      | Reached XP level 5. HP: 23/28 MP: 6/8
  3883 | D:3      | Killed Robin
  4016 | D:4      | Noticed an ogre
  4039 | D:4      | Reached skill level 5 in Hexes
  4090 | D:4      | Found a staircase to the Ecumenical Temple.
  4101 | Temple   | Entered the Ecumenical Temple
  4246 | D:4      | Reached XP level 6. HP: 22/32 MP: 3/9
  5034 | D:5      | Entered Level 5 of the Dungeon
  5225 | D:5      | Found a sparkling altar of Nemelex Xobeh.
  6098 | D:5      | Found Zoorchik's Antique Armour Shoppe.
  6215 | D:5      | Noticed an ogre
  7002 | D:5      | Reached skill level 1 in Ice Magic
  7060 | D:5      | Reached XP level 7. HP: 36/36 MP: 6/10
  7822 | D:3      | Killed Natasha
  7998 | D:3      | Killed Crazy Yiuf
  8064 | D:3      | Noticed Natasha
  8068 | D:3      | Killed Natasha
  8091 | D:3      | Noticed Natasha
  8116 | D:3      | Killed Natasha
  8236 | D:4      | Reached skill level 1 in Earth Magic
  8304 | D:4      | Reached skill level 5 in Short Blades
  8304 | D:4      | Reached XP level 8. HP: 41/41 MP: 11/11
  8304 | D:4      | - not happy with these altars
  8364 | D:6      | Noticed Grinder
  9216 | D:6      | Learned a level 3 spell: Confusing Touch
  9476 | D:6      | Noticed Eustachio
  9575 | D:6      | Found a shimmering blue altar of Sif Muna.
  9585 | D:6      | Became a worshipper of Sif Muna the Loreminder
  9692 | D:6      | Reached skill level 5 in Earth Magic
 10040 | D:7      | Found a transporter.
 10060 | D:7      | Found a transporter.
 10134 | D:7      | Noticed a wraith
 10231 | D:7      | Found an ancient bone altar of Kikubaaqudgha.
 10233 | D:7      | Found an ornate altar of the Wu Jian Council.
 10289 | D:7      | Noticed Dowan
 10293 | D:7      | - what a bullshit tele
 10306 | D:7      | HP: 3/61 [wyvern zombie (6)]
 10307 | D:7      | Slain by a wyvern zombie

Illustrated notes

#####
#........#.#..####.#
###.#..#...#......##.#
#...[..#........#.##.#
#.#.#......####......#
#.#.####........#.####
#.#.......#######.###
####.######.###
#......# ##.##.#
#.....###.##.#.#
#.#...#
#.....##...#.#.#
##.#####
#.....#......#.#
#.....#
#..@...........#
#####.#
#..............# #.#
######.....<...#
####.#########.....####
#............##...##
#.##.##.####.###.##
#.##.##.####.# #.#
#.##.......#.# #.#
#.#####.##.#.###.#
#.#####.##.......#
#............#####


Turn 8304 on D:4: - not happy with these altars #...†....# .....# #...._...#
#.##.# ##...8...#. #.# #..._...... #.# #.......... #.# ######...... #.# ##......
#y# #(?.#..##.# #....y..O.# #......y.## #@..e....# #.(......# #...##.### ....##.
....##> ## Turn 10293 on D:7: - what a bullshit tele

Levels and vault maps discovered:
D:1:      dpeg_arrival_rooms_with_view, layout_basic
D:2:      layout_loops_cross, ebering_ecumenical_altar_webs
D:3:      layout_loops_ring, gammafunk_ghost_split, kennysheep_big_empty_room,
          minmay_box_of_dots, uniq_robin, uniq_crazy_yiuf_cottage, uniq_natasha
D:4:      layout_loops_cross, temple_statues
D:5:      layout_layer_cave, nemelex_diamond_rough_becter, serial_shops, shop
D:6:      layout_basic, mainiacjoe_overflow_alcove_4, uniq_eustachio,
          uniq_grinder
D:7:      gammafunk_steamed_eel, layout_basic, fedhas_altar_2,
          mainiacjoe_overflow_catwalk,
          chequers_temple_overflow_statue_of_worship, minmay_manual_moon,
          uniq_duvessa
Temple:   zaba_magenta_temple

Skill      XL: |  1  2  3  4  5  6  7  8 |
---------------+-------------------------+-----
Stealth        | 5 6 |  6.6
Hexes          | 4 5 6 |  6.0
Short Blades   | 3 5 6 |  6.0
Ice Magic      | 1 3 |  3.0
Earth Magic    | 2 5 |  5.2
Dodging        | |  2.4
Spellcasting   | |  2.1

Action                   |  1- 3 |  4- 6 |  7- 9 || total
-------------------------+-------+-------+-------++-------
Melee: Dagger            |    77 |   152 |    44 ||   273
       Unarmed           |       |       |    12 ||    12
 Cast: Corona            |    14 |    43 |    10 ||    67
       Sandblast         |     1 |    26 |    16 ||    43
       Ensorcelled Hiber |       |    20 |    29 ||    49
Evoke: Wand              |       |     3 |       ||     3
  Use: Scroll            |       |     2 |     7 ||     9
       Potion            |       |     1 |     5 ||     6
 Stab: Sleeping          |     8 |    33 |    21 ||    62
Armor: Robe              |    12 |    40 |    17 ||    69
       Skin              |       |       |    44 ||    44
Dodge: Dodged            |    59 |   128 |    57 ||   244
